 Dungeon Crawl Stone Soup version 0.27.0-1-g7a089689b8 (webtiles) character file.

Game seed: 8615155616605313774

7479 dolemite99 the Ducker (level 11, -2/83 HPs)
             Began as a Gnoll Arcane Marksman on July 31, 2021.
             Was a Plaything of Xom.
             Slain by a freezing wraith (7 damage)
             ... on level 10 of the Dungeon.
             The game lasted 00:25:34 (13839 turns).

dolemite99 the Ducker (Gnoll Arcane Marksman)      Turns: 13839, Time: 00:25:34

Health: -2/83      AC: 17    Str: 13      XL:     11   Next: 15%
Magic:  21/21      EV: 11    Int:  9 (11) God:    Xom [....*.]
Gold:   767        SH:  0    Dex: 11      Spells: 19/23 levels left

rFire    . . .     SeeInvis .   M - +0 eveningstar (holy)
rCold    + + .     Faith    .   (no shield)
rNeg     . . .     Spirit   .   N - +6 scale mail of the Spheres {rC+ Str+3 Dex-2 Stlth+}
rPois    .         Reflect  .   e - +1 helmet
rElec    .         Harm     .   (no cloak)
rCorr    .         Rampage  .   s - +0 pair of gloves
Will     +....                  (no boots)
Stlth    +++.......             (no amulet)
HPRegen  0.23/turn              (no ring)
MPRegen  0.17/turn              (no ring)

@: unable to read, slowed, very slow
A: fangs 1, strong nose, distributed training, cold resistance 1, deterioration
2, dopey 1, strong-willed 1, mutation resistance 1, weak 1, inability to read
while threatened
a: Renounce Religion


You were on level 10 of the Dungeon.
You worshipped Xom.
You were a beloved toy of Xom.
You visited 1 branch of the dungeon, and saw 10 of its levels.

You collected 767 gold pieces.

Inventory:

Hand Weapons
 a - a +3 hunting sling
 b - a +2 scimitar of freezing
 d - a +2 vorpal hand axe
 g - a +4 dagger of draining
 m - a +5 dagger
 n - a +5 falchion
 w - a +1 vampiric whip
 C - a +2 morningstar
 D - a +3 war axe of freezing
 G - a +1 spear of flaming
 M - a +0 eveningstar of holy wrath (weapon)
Missiles
 c - 45 sling bullets
 i - 69 poisoned darts
 o - 83 bolts
 t - 150 stones
 u - 125 arrows
 y - 12 boomerangs (quivered)
 Q - 6 javelins
Armour
 e - a +1 helmet (worn)
 s - a +0 pair of gloves (worn)
 N - the +6 scale mail of the Spheres (worn) {rC+ Str+3 Dex-2 Stlth+}
   (You found it on level 9 of the Dungeon)

   Str:       It affects your strength (+3).
   Dex:       It affects your dexterity (-2).
   rC:        It protects you from cold.
   Stlth:     It makes you more stealthy.
Jewellery
 h - a ring of ice
 j - an amulet of regeneration
 K - a +4 ring of evasion
Wands
 z - a wand of flame (1)
 H - a wand of polymorph (8)
Scrolls
 k - 2 scrolls of amnesia
 q - 5 scrolls of teleportation
 x - 2 scrolls of fear
 I - a scroll of fog {unknown}
 L - a scroll of identify {@r1}
 O - a scroll of immolation
Potions
 l - 2 potions of berserk rage
 p - a potion of cancellation {unknown}
 r - a potion of magic {unknown}
 A - 5 potions of curing
 B - 3 potions of might {unknown}
 F - 3 potions of flight {unknown}
 J - a potion of lignification {unknown}
Miscellaneous
 P - a box of beasts (inert)


   Skills:
 + Level 6.6 Fighting
 + Level 6.0 Short Blades
 + Level 6.0 Long Blades
 + Level 6.0 Axes
 + Level 6.0 Maces & Flails
 + Level 6.0 Polearms
 + Level 6.0 Staves
 + Level 7.6 Slings
 + Level 6.0 Bows
 + Level 6.0 Crossbows
 + Level 6.0 Throwing
 + Level 6.0 Armour
 + Level 7.6 Dodging
 + Level 6.0 Stealth
 + Level 6.0 Shields
 + Level 6.0 Unarmed Combat
 + Level 6.7 Spellcasting
 + Level 5.0 Conjurations
 + Level 7.5 Hexes
 + Level 5.0 Summonings
 + Level 5.0 Necromancy
 + Level 5.0 Translocations
 + Level 5.0 Transmutations
 + Level 5.0 Fire Magic
 + Level 5.0 Ice Magic
 + Level 5.0 Air Magic
 + Level 5.0 Earth Magic
 + Level 5.0 Poison Magic
 + Level 6.6 Invocations
 + Level 6.0 Evocations


You had 19 spell levels left.
You knew the following spells:

 Your Spells              Type           Power      Damage    Failure   Level
a - Slow                  Hex            16%        N/A       6%          2
b - Corona                Hex            17%        N/A       3%          1
s - Animate Skeleton      Necr           24%        N/A       11%         1

Your spell library contained the following spells:

 Spells                   Type           Power      Damage    Failure   Level
 Pain                     Necr           48%        1d6       11%         1
 Inner Flame              Hex/Fire       14%        N/A       19%         3
 Portal Projectile        Hex/Tloc       28%        N/A       19%         3
 Conjure Flame            Conj/Fire      12%        6-21      32%         3
 Ignite Poison            Fire/Tmut/Pois 12%        N/A       32%         3
 Ozocubu's Armour         Ice            12%        N/A       32%         3
 Stone Arrow              Conj/Erth      24%        3d8       32%         3
 Vampiric Draining        Necr           6%         2d6       32%         3
 Cause Fear               Hex            8%         N/A       36%         4
 Animate Armour           Summ/Erth      24%        N/A       71%         4
 Sticky Flame             Conj/Fire      12%        2d4       71%         4
 Metabolic Englaciation   Hex/Ice        7%         N/A       87%         5
 Agony                    Necr           12%        N/A       96%         5
 Blade Hands              Tmut           6%         N/A       96%         5
 Excruciating Wounds      Necr           6%         N/A       96%         5
 Freezing Cloud           Conj/Ice/Air   6%         6-21      96%         5
 Irradiate                Conj/Tmut      6%         3d15      96%         5
 Simulacrum               Ice/Necr       6%         N/A       100%        6
 Dragon Form              Tmut           6%         N/A       100%        7
 Lehudib's Crystal Spear  Conj/Erth      6%         10d3      100%        8
 Polar Vortex             Ice            6%         N/A       100%        9


Dungeon Overview and Level Annotations

Branches:
Dungeon (10/15)            Temple (0/1) D:6
   Lair: D:8-11         Orc: D:9-12

Altars:
Uskayaw
Xom

Shops:
D:4 *   D:7 (

Annotations:
D:9 3 runed translucent doors, mimimomo's ghost, journeyman GrFi
D:10 3 runed translucent doors


Innate Abilities, Weirdness & Mutations

You have very sharp teeth.
Your uncanny sense of smell can sniff out nearby items.
Your experience applies equally to all skills.
Your flesh is cold resistant. (rC+)
Your body often deteriorates upon taking damage.
You are dopey. (Int -2)
You are strong-willed. (Will+)
You are somewhat resistant to further mutation.
You are weak. (Str -2)
You sometimes lose the ability to read scrolls when taking damage.


Message History

The freezing wraith is moderately damaged.
The freezing wraith hits you.
You feel threatened and lose the ability to read scrolls!
The freezing wraith freezes you. You resist.
The freezing wraith hits you but does no damage.
You are too injured to fight recklessly!
You are too injured to fight recklessly!
You are too injured to fight recklessly!
You are too injured to fight recklessly!
You are too injured to fight recklessly!
You are too injured to fight recklessly!
You are too injured to fight recklessly!
You are too injured to fight recklessly!
You are too injured to fight recklessly!
You are too injured to fight recklessly!
You are too injured to fight recklessly!
You are too injured to fight recklessly!
You are too injured to fight recklessly!
You are too injured to fight recklessly!
Okay, then.
Your +0 eveningstar of holy wrath softly glows with a divine radiance!
M - a +0 eveningstar of holy wrath (weapon)
The freezing wraith hits you! The freezing wraith freezes you. You resist.
The freezing wraith hits you. The freezing wraith drains your vigour!
You feel as though you will be slow longer.
You hit the freezing wraith but do no damage.
The freezing wraith is moderately damaged.
The freezing wraith hits you.
* * * LOW HITPOINT WARNING * * *
The freezing wraith freezes you. You resist.
* * * LOW HITPOINT WARNING * * *
The freezing wraith hits you.
* * * LOW HITPOINT WARNING * * *
You hit the freezing wraith but do no damage.
The freezing wraith is moderately damaged.
The freezing wraith hits you.
* * * LOW HITPOINT WARNING * * *
The freezing wraith freezes you! You resist.
You die...
Xom giggles madly!

#####.#.#
#..#.##.#..#.......W...
...##.#.#
##(##.#.#.##.##.#######
.#.##.#.####(.#.##..#..##.# #
..............##.#.##.###.# #
......#.#####..#.###..# #.# #
##.####.## ##(.##.##.## #.# #
.........# #...(#.#..# #.# #
##.###.#.# #.#.W#.#.## #.# # #.#
#.#.# #....@#..# #.# #
##.###.#.####.##.#..# #.#######
..............##....# #........
###...##)####..#.##.## #..######
....#)).)####..#.#...## #..#
###...#..)...?........###..#####
#
##.##....)...........##......##
# #.##........#.................
.#...#####....ยง...............


You could see a freezing wraith.

Vanquished Creatures
  A boulder beetle (D:10)
  A two-headed ogre (D:10)
  A tengu warrior (D:10)
  An efreet (D:10)
  A shadow (D:10)
  A vampire (D:10)
  A wyvern (D:9)
  3 steam dragons
  Menkaure (D:5)
  A naga (shapeshifter) (D:10)
  2 water moccasins
  3 orc warriors
  3 ogres
  3 centaurs
  2 phantoms
  2 kobold brigands
  3 scorpions
  2 bullfrogs
  A gnoll sergeant (D:9)
  A wyvern skeleton (D:5)
  A water moccasin skeleton (D:6)
  7 wights
  4 killer bees
  2 centaur zombies
  A jelly (D:5)
  4 hounds
  7 orc priests
  2 bullfrog skeletons
  2 gnoll shamans
  Ijyb (D:4)
  2 iguanas (D:5)
  10 orc wizards
  A killer bee zombie (D:8)
  2 hound skeletons
  3 howler monkey zombies
  13 gnolls
  6 adders
  A shadow imp (D:8)
  3 worms (D:2)
  31 orcs
  7 ball pythons
  A bat (D:2)
  4 endoplasms
  3 giant cockroaches
  4 goblins
  5 hobgoblins
  11 jackals
  14 kobolds
  3 quokkas
  A frilled lizard (D:3)
  3 rats
193 creatures vanquished.

Vanquished Creatures (collateral kills)
  Urug (D:10)
  An ugly thing (D:10)
  A gnoll (D:10)
3 creatures vanquished.

Vanquished Creatures (others)
  A kobold demonologist (D:10)
1 creature vanquished.

Grand Total: 197 creatures vanquished

Notes
Turn   | Place    | Note
-------+----------+-------------------------------------------
     0 | D:1      | dolemite99 the Gnoll Arcane Marksman began the quest for
                  | the Orb.
     0 | D:1      | Reached XP level 1. HP: 17/17 MP: 4/4
   272 | D:1      | Reached XP level 2. HP: 23/23 MP: 5/5
   369 | D:1      | Learned a level 2 spell: Slow
   371 | D:1      | Learned a level 1 spell: Corona
   806 | D:2      | Reached XP level 3. HP: 21/28 MP: 7/7
   891 | D:2      | Found a faded altar of an unknown god.
   908 | D:2      | Became a worshipper of Xom of Chaos
  1028 | D:2      | Reached skill level 1 in Invocations
  1098 | D:2      | XOM: divination: detect items
  1237 | D:2      | XOM: divination: magic mapping
  1343 | D:2      | XOM: silly message
  1490 | D:3      | Reached skill level 1 in Short Blades
  1490 | D:3      | Reached skill level 1 in Long Blades
  1490 | D:3      | Reached skill level 1 in Axes
  1490 | D:3      | Reached skill level 1 in Maces & Flails
  1490 | D:3      | Reached skill level 1 in Polearms
  1490 | D:3      | Reached skill level 1 in Staves
  1490 | D:3      | Reached skill level 1 in Bows
  1490 | D:3      | Reached skill level 1 in Crossbows
  1490 | D:3      | Reached skill level 1 in Throwing
  1490 | D:3      | Reached skill level 1 in Armour
  1490 | D:3      | Reached skill level 1 in Stealth
  1490 | D:3      | Reached skill level 1 in Shields
  1490 | D:3      | Reached skill level 1 in Unarmed Combat
  1490 | D:3      | Reached skill level 1 in Evocations
  1577 | D:3      | Reached XP level 4. HP: 34/34 MP: 8/8
  1625 | D:3      | XOM: divination: magic mapping
  1845 | D:3      | XOM: divination: detect creatures
  1937 | D:3      | XOM: butterfly on damage
  1939 | D:3      | Reached skill level 1 in Conjurations
  1939 | D:3      | Reached skill level 1 in Summonings
  1939 | D:3      | Reached skill level 1 in Necromancy
  1939 | D:3      | Reached skill level 1 in Translocations
  1939 | D:3      | Reached skill level 1 in Transmutations
  1939 | D:3      | Reached skill level 1 in Fire Magic
  1939 | D:3      | Reached skill level 1 in Ice Magic
  1939 | D:3      | Reached skill level 1 in Air Magic
  1939 | D:3      | Reached skill level 1 in Earth Magic
  1939 | D:3      | Reached skill level 1 in Poison Magic
  2277 | D:3      | XOM: scenery: summon butterflies
  2309 | D:3      | Reached XP level 5. HP: 36/36 MP: 9/9
  2635 | D:4      | Found Sacvir's Overcharged Wands.
  2663 | D:4      | XOM: give mutations
  2663 | D:4      | Gained mutation: You are occasionally teleported next to
                  | monsters. [Xom's mischief]
  2663 | D:4      | Gained mutation: You are clumsy. (Dex -2) [Xom's mischief]
  2663 | D:4      | Gained mutation: You are dopey. (Int -2) [Xom's mischief]
  2663 | D:4      | Lost mutation: You are clumsy. (Dex -2) [Xom's mischief]
  2680 | D:4      | Noticed Ijyb
  2680 | D:4      | XOM: enchant monster (bad)
  2683 | D:4      | Killed Ijyb
  2725 | D:4      | XOM: potion effect (brilliance)
  2765 | D:4      | Reached XP level 6. HP: 47/47 MP: 9/11
  2778 | D:4      | XOM: 6-stop teleportation journey
  2830 | D:4      | Reached skill level 5 in Slings
  2830 | D:4      | Reached skill level 5 in Dodging
  2999 | D:4      | XOM: silly message
  3167 | D:4      | XOM: divination: detect creatures
  3195 | D:4      | XOM: divination: detect creatures
  3226 | D:4      | XOM is BORED!
  3226 | D:4      | XOM: summons 4 hostile demons
  3498 | D:5      | Entered Level 5 of the Dungeon
  3511 | D:5      | XOM: confusion
  3525 | D:5      | Reached XP level 7. HP: 40/52 MP: 12/12
  3547 | D:4      | XOM: summons 3 hostile demons
  3555 | D:4      | XOM: noise
  3561 | D:4      | XOM: polymorph white imp -> crimson imp
  3851 | D:5      | XOM: enchant monster (bad)
  3855 | D:5      | XOM: cast spell 'Cause Fear'
  3942 | D:5      | Noticed Menkaure
  3944 | D:5      | Killed Menkaure
  4134 | D:5      | XOM: confuse monster(s)
  4183 | D:5      | Reached XP level 8. HP: 60/60 MP: 14/14
  4224 | D:5      | XOM: 3-stop teleportation journey
  5472 | D:6      | XOM: enchant monster (bad)
  6141 | D:6      | Found a staircase to the Ecumenical Temple.
  6183 | D:6      | Reached XP level 9. HP: 66/66 MP: 16/16
  6664 | D:6      | XOM: summons 3 hostile shadow creatures
  7149 | D:6      | XOM: noise
  7296 | D:6      | XOM: give mutations
  7296 | D:6      | Gained mutation: Your body sometimes deteriorates upon
                  | taking damage. [Xom's mischief]
  7296 | D:6      | Gained mutation: You are weak. (Str -2) [Xom's mischief]
  7296 | D:6      | Gained mutation: Your body often deteriorates upon taking
                  | damage. [Xom's mischief]
  7296 | D:6      | Gained mutation: You are clumsy. (Dex -2) [Xom's mischief]
  7384 | D:6      | Reached skill level 5 in Spellcasting
  7493 | D:7      | XOM: 1-stop teleportation journey
  7561 | D:7      | XOM: divination: detect items
  7717 | D:7      | Found Unebire Ilue's Antique Weapon Shop.
  7773 | D:7      | Found a hide-covered altar of Uskayaw.
  7779 | D:7      | XOM: give mutations
  7779 | D:7      | Gained mutation: Your flesh is cold resistant. (rC+) [Xom's
                  | grace]
  7779 | D:7      | Gained mutation: You are partially covered in iridescent
                  | scales. (AC +2) [Xom's grace]
  7779 | D:7      | Lost mutation: You are clumsy. (Dex -2) [Xom's grace]
  7779 | D:7      | Gained mutation: Your system is resistant to poisons.
                  | (rPois) [Xom's grace]
  7983 | D:7      | XOM: swap monsters
  7993 | D:7      | XOM: smoke on damage
  8527 | D:8      | Reached skill level 5 in Fighting
  8681 | D:8      | XOM: scenery: summon butterflies
  8714 | D:8      | XOM: god gift: scroll of blinking
  9039 | D:8      | XOM: god gift: coppery potion {god gift}
  9095 | D:8      | XOM: cleaving
  9141 | D:8      | Reached skill level 5 in Invocations
  9295 | D:8      | Learned a level 1 spell: Animate Skeleton
  9337 | D:8      | XOM: give mutations
  9337 | D:8      | Lost mutation: You are partially covered in iridescent
                  | scales. (AC +2) [Xom's mischief]
  9337 | D:8      | Lost mutation: You are occasionally teleported next to
                  | monsters. [Xom's mischief]
  9337 | D:8      | Gained mutation: You are strong-willed. (Will+) [Xom's
                  | mischief]
  9872 | D:9      | Reached XP level 10. HP: 62/74 MP: 18/18
 10234 | D:9      | XOM: confuse monster(s)
 10327 | D:9      | XOM: summons 2 hostile shadow creatures
 10499 | D:9      | Reached skill level 5 in Short Blades
 10499 | D:9      | Reached skill level 5 in Long Blades
 10499 | D:9      | Reached skill level 5 in Axes
 10499 | D:9      | Reached skill level 5 in Maces & Flails
 10499 | D:9      | Reached skill level 5 in Polearms
 10499 | D:9      | Reached skill level 5 in Staves
 10499 | D:9      | Reached skill level 5 in Bows
 10499 | D:9      | Reached skill level 5 in Crossbows
 10499 | D:9      | Reached skill level 5 in Throwing
 10499 | D:9      | Reached skill level 5 in Armour
 10499 | D:9      | Reached skill level 5 in Stealth
 10499 | D:9      | Reached skill level 5 in Shields
 10499 | D:9      | Reached skill level 5 in Unarmed Combat
 10499 | D:9      | Reached skill level 5 in Evocations
 10674 | D:9      | Identified the +6 scale mail of the Spheres {rC+ Str+3
                  | Dex-2 Stlth+}
 10768 | D:9      | XOM: give mutations
 10768 | D:9      | Gained mutation: You are somewhat resistant to further
                  | mutation. [Xom's mischief]
 10768 | D:9      | Gained mutation: You are frail. (-10% HP) [Xom's mischief]
 10770 | D:9      | Found a runed translucent gate.
 10770 | D:9      | Found a runed translucent gate.
 10770 | D:9      | Noticed a kobold demonologist
 10875 | D:9      | Found a runed translucent gate.
 10875 | D:9      | Noticed a kobold demonologist
 10875 | D:9      | Noticed mimimomo's ghost (journeyman GrFi)
 10876 | D:9      | Noticed a kobold demonologist
 11177 | D:10     | Entered Level 10 of the Dungeon
 11204 | D:10     | XOM: 7-stop teleportation journey
 11368 | D:10     | XOM: divination: magic mapping
 11572 | D:10     | XOM: scenery: create altars
 11588 | D:10     | XOM: god gift: box of beasts
 11657 | D:10     | Noticed Urug
 11667 | D:10     | Killed Urug
 11780 | D:10     | Found a runed translucent door.
 11783 | D:10     | Found a runed translucent door.
 11783 | D:10     | Found a runed translucent door.
 11783 | D:10     | Noticed a two-headed ogre
 11783 | D:10     | Noticed a cyclops
 11783 | D:10     | Noticed a two-headed ogre
 11815 | D:10     | Noticed a kobold demonologist
 11834 | D:10     | Killed a kobold demonologist
 11890 | D:10     | XOM: enchant monster (good)
 11934 | D:10     | XOM: cast spell 'Death Channel'
 11943 | D:10     | XOM: scenery: summon butterflies
 12078 | D:9      | XOM: give mutations
 12078 | D:9      | Lost mutation: You are frail. (-10% HP) [Xom's mischief]
 12078 | D:9      | Gained mutation: You sometimes lose the ability to read
                  | scrolls when taking damage. [Xom's mischief]
 12133 | D:9      | XOM: scenery: 1 doors close
 12319 | D:10     | XOM: enchant monster (good)
 12434 | D:10     | Noticed a tengu warrior
 12449 | D:10     | Killed a two-headed ogre
 12453 | D:10     | Killed a tengu warrior
 12917 | D:10     | XOM: noise
 13143 | D:10     | XOM is BORED!
 13143 | D:10     | XOM: give mutation
 13143 | D:10     | Lost mutation: Your system is resistant to poisons. (rPois)
                  | [Xom's mischief]
 13183 | D:10     | Noticed a boulder beetle
 13222 | D:10     | Killed a boulder beetle
 13223 | D:10     | Reached XP level 11. HP: 41/83 MP: 20/20
 13228 | D:10     | Noticed a purple ugly thing
 13599 | D:9      | Upgraded the game from 0.27.0 to 0.27.0-1-g7a089689b8
 13600 | D:10     | XOM: fog
 13604 | D:10     | XOM: summons 3 friendly demons
 13608 | D:10     | Killed a purple ugly thing
 13609 | D:10     | Reached skill level 5 in Conjurations
 13609 | D:10     | Reached skill level 5 in Summonings
 13609 | D:10     | Reached skill level 5 in Necromancy
 13609 | D:10     | Reached skill level 5 in Translocations
 13609 | D:10     | Reached skill level 5 in Transmutations
 13609 | D:10     | Reached skill level 5 in Fire Magic
 13609 | D:10     | Reached skill level 5 in Ice Magic
 13609 | D:10     | Reached skill level 5 in Air Magic
 13609 | D:10     | Reached skill level 5 in Earth Magic
 13609 | D:10     | Reached skill level 5 in Poison Magic
 13745 | D:10     | Found the +10 zealot's sword {holy, *Rage rN+ EV+3}
 13770 | D:10     | Identified the +0 battleaxe of Rotation {vorpal, Fragile
                  | rElec rCorr SInv}
 13770 | D:10     | Identified the +7 short sword "Sujurroq" {vorpal, Will+++
                  | Dex-3 SInv Stlth+}
 13839 | D:10     | Slain by a freezing wraith

Illustrated notes

Levels and vault maps discovered:
D:1:      lightli_arrival_windingriver, layout_basic, minmay_pentomino_v4
D:2:      layout_rooms, ebering_ecumenical_altar_sacrificial, kennysheep_boxes
D:3:      layout_basic, minmay_misc_feat_secret_circle,
          kennysheep_generic_room_7
D:4:      layout_loops_ring, amethyst_killhole, nicolae_shop_overcharged_wands,
          uniq_ijyb
D:5:      layout_cave_pools, dk_vineyard_1, minmay_circle_x, uniq_menkaure
D:6:      layout_basic, temple_doors_e
D:7:      layout_loops_ring, nicolae_uskayaw_dance_hall, serial_shops,
          nicolae_shop_statue_plus
D:8:      layout_rooms
D:9:      layout_loops_corners, gammafunk_ghost_nasty_kobolds,
          amcnicky_mini_rare_corridor_liquid
D:10:     minmay_the_grid_four_pointed_star
          [minmay_the_grid_triangle_9x9_zippers_vertical,
          minmay_the_grid_triangle_9x9_dagger,
          minmay_the_grid_triangle_9x9_fully_insulated_deathbox,
          minmay_the_grid_triangle_9x9_longest,
          minmay_the_grid_prize_shrinking_boxes], layout_loops_ring, uniq_urug

Skill      XL: |  1  2  3  4  5  6  7  8  9 10 11 |
---------------+----------------------------------+-----
Invocations    | 1 2 3 4 5 6 |  6.6
Short Blades   | 1 2 3 4 5 6 |  6.0
Long Blades    | 1 2 3 4 5 6 |  6.0
Axes           | 1 2 3 4 5 6 |  6.0
Maces & Flails | 1 2 3 4 5 6 |  6.0
Polearms       | 1 2 3 4 5 6 |  6.0
Staves         | 1 2 3 4 5 6 |  6.0
Bows           | 1 2 3 4 5 6 |  6.0
Crossbows      | 1 2 3 4 5 6 |  6.0
Throwing       | 1 2 3 4 5 6 |  6.0
Armour         | 1 2 3 4 5 6 |  6.0
Stealth        | 1 2 3 4 5 6 |  6.0
Shields        | 1 2 3 4 5 6 |  6.0
Unarmed Combat | 1 2 3 4 5 6 |  6.0
Evocations     | 1 2 3 4 5 6 |  6.0
Spellcasting   | 3 4 5 6 |  6.7
Conjurations   | 1 2 3 4 5 |  5.0
Summonings     | 1 2 3 4 5 |  5.0
Necromancy     | 1 2 3 4 5 |  5.0
Translocations | 1 2 3 4 5 |  5.0
Transmutations | 1 2 3 4 5 |  5.0
Fire Magic     | 1 2 3 4 5 |  5.0
Ice Magic      | 1 2 3 4 5 |  5.0
Air Magic      | 1 2 3 4 5 |  5.0
Earth Magic    | 1 2 3 4 5 |  5.0
Poison Magic   | 1 2 3 4 5 |  5.0
Fighting       | 3 4 5 6 |  6.6
Slings         | 5 6 7 |  7.6
Dodging        | 5 6 7 |  7.6
Hexes          | 6 7 |  7.5

Action                   |  1- 3 |  4- 6 |  7- 9 | 10-12 || total
-------------------------+-------+-------+-------+-------++-------
Melee: Dagger            |       |    70 |    57 |    14 ||   141
       Bite              |       |     4 |     7 |     5 ||    16
       Punch             |       |     1 |     1 |       ||     2
       Whip              |       |       |    21 |     7 ||    28
       Morningstar       |       |       |       |     1 ||     1
       Scimitar          |       |       |       |     7 ||     7
       Eveningstar       |       |       |       |     2 ||     2
 Fire: Hunting sling     |   118 |   116 |   457 |   220 ||   911
Throw: Dart              |       |    51 |    21 |     9 ||    81
       Boomerang         |       |       |     1 |       ||     1
       Throwing net      |       |       |       |     1 ||     1
 Cast: Slow              |       |       |    29 |    18 ||    47
       Corona            |       |       |    17 |     2 ||    19
       Animate Skeleton  |       |       |     1 |       ||     1
Evoke: Wand              |       |     2 |    30 |    27 ||    59
       Box of beasts     |       |       |       |     1 ||     1
  Use: Scroll            |     2 |     2 |    15 |     1 ||    20
       Potion            |       |       |       |     4 ||     4
 Stab: Distracted        |       |       |       |     1 ||     1
Armor: Scale mail        |    12 |   101 |   246 |    85 ||   444
Dodge: Dodged            |    17 |   112 |   168 |    88 ||   385
       Rpst.: Scimitar   |       |       |       |     2 ||     2
